Map: Ephemeron LE

Players

MaSa - Winner!

  • Race: Terran Terran
  • Spawn Location: 5:00

Astrea

  • Race: Protoss Protoss
  • League: Grandmaster
  • Spawn Location: 11:00

Event: Cheeseadelphia XI, Cheeseadelphia XI

VOD

Have the link to the VOD?

Description

Time

  • Played on: Dec. 14, 2019, 5:28 p.m.
  • Length: 6:07

All games in this series

Show
View Real Time Build Order
Export as new Build Order

MaSa Terran - Winner!

Build Orders: 1/1/1, Liberator Opening 

Get SALT Encoding   

  12  0:00  SCV  
  13  0:13  Supply Depot  
  13  0:18  SCV  
  14  0:30  SCV  
  15  0:37  Barracks  
  15  0:42  SCV  
  16  0:47  Refinery  
  16  0:54  SCV  
  17  0:59  Refinery  
  17  1:06  SCV  
  18  1:24  Orbital Command, Marine  
  19  1:35  Factory  
  19  1:44  Supply Depot  
  19  1:46  Barracks Reactor  
  19  1:51  SCV  
  20  2:03  SCV  
  21  2:15  SCV  
  21  2:20  Factory Tech Lab, Starport  
  21  2:21  Marine  
  23  2:22  Marine  
  24  2:31  Supply Depot  
  24  2:39  Marine  
  24  2:40  Marine  
  27  2:46  Siege Tank  
  27  2:47  Liberator  
  29  2:54  SCV  
  29  2:57  Marine  
  34  3:10  Supply Depot  
  34  3:14  Marine  
  34  3:18  Marine  
  36  3:28  Siege Tank  
  36  3:32  Marine  
  40  3:36  Marine  
  41  3:44  Bunker  
  41  3:49  Marine  
  41  3:53  Marine  
  43  3:59  SCV  
  41  4:05  Liberator  
  41  4:07  Marine  
  42  4:11  Marine  
  42  4:12  SCV  
  45  4:31  Marine  
  45  4:32  Marine  
  47  4:39  Bunker  
  47  4:44  Supply Depot  
  47  4:50  Marine  
  46  4:54  Marine  
  47  5:06  Siege Tank  
  50  5:07  Marine  
  50  5:12  Starport Tech Lab  
  50  5:15  Marine  
  50  5:16  SCV  
  52  5:25  Marine  
  54  5:28  Barracks, SCV  
  54  5:33  Marine  
  54  5:40  SCV  
Show
View Real Time Build Order
Export as new Build Order

Astrea Protoss 

Build Orders: 1 Gate Expand 

Get SALT Encoding   

  12  0:00  Probe  
  13  0:12  Probe  
  14  0:17  Pylon  
  14  0:24  Probe (Chrono Boost)  
  15  0:36  Gateway  
  15  0:37  Probe (Chrono Boost)  
  16  0:44  Probe (Chrono Boost)  
  16  0:46  Assimilator  
  17  0:51  Probe  
  18  1:03  Probe  
  19  1:15  Probe  
  20  1:23  Cybernetics Core  
  20  1:32  Nexus  
  20  1:37  Probe  
  21  1:42  Pylon  
  21  1:49  Probe  
  21  1:53  Assimilator  
  22  1:57  Stalker (Chrono Boost)  
  24  2:03  Warp Gate  
  24  2:06  Probe  
  25  2:18  Probe (Chrono Boost)  
  26  2:23  Stalker  
  29  2:30  Probe (Chrono Boost)  
  29  2:37  Probe (Chrono Boost)  
  30  2:44  Probe (Chrono Boost)  
  30  2:50  Probe (Chrono Boost)  
  32  2:52  Robotics Facility  
  32  2:54  Probe (Chrono Boost)  
  32  2:57  Probe (Chrono Boost)  
  34  2:59  Probe (Chrono Boost)  
  34  3:03  Sentry  
  36  3:08  Probe  
  36  3:10  Gateway  
  37  3:13  Gateway  
  36  3:26  Shield Battery  
  36  3:28  Shield Battery  
  36  3:30  Stalker  
  38  3:34  Pylon  
  41  4:00  Pylon  
  39  4:07  Stalker x2  
  39  4:08  Stalker  
  39  4:10  Probe  
  39  4:15  Pylon, Probe  
  39  4:16  Pylon  
  41  4:23  Probe  
  42  4:32  Stalker  
  42  4:33  Probe  
  42  4:37  Robotics Facility  
  43  4:38  Probe  
  43  4:41  Gateway x2  
  44  4:59  Gateway  
  44  5:02  Pylon  
  36  5:21  Warp Prism (Chrono Boost)  
  38  5:35  Stalker x2  
  38  5:37  Pylon  
  38  5:47  Probe  
  37  5:57  Pylon  
  38  5:59  Zealot x3  
Tags
 
Add a new tag
Caveats
  • Supply blocks, unpowered buildings, or Contaminate may cause inaccurate times.
  • Supply counts are checked every 10 seconds.